San Jose Sharks vs Vegas Golden Knights
Created - Thursday, September 7, 2023 at 07:30
Goals
|
| San Jose Sharks |
1 |
2 |
3 |
6 |
| Vegas Golden Knights |
2 |
2 |
4 |
8 |
|
Shots
|
| San Jose Sharks |
8 |
15 |
8 |
31 |
| Vegas Golden Knights |
10 |
11 |
14 |
35 |
|
1st period
1. Vegas Golden Knights , Victor Olofsson 4 (Zach Parise 8, Eric Staal 2) at 7:30
2. Vegas Golden Knights , Sean Monahan 4 (Vince Dunn 5, Joe Pavelski 7) at 13:56
3. San Jose Sharks , Alex Iafallo 4 (Ryan Hartman 3, Adam Henrique 5) at 15:32
Penalties :
No Penalty
2nd period
4. Vegas Golden Knights , Marc-Edouard Vlasic 1 (Nikolaj Ehlers 8, Anthony Cirelli 3) at 2:37
5. San Jose Sharks , Ryan Strome 8 (William Karlsson 10) at 6:36
6. San Jose Sharks , Travis Boyd 5 (Jacob Middleton 4, Andreas Athanasiou 6) at 9:10
7. Vegas Golden Knights , Vince Dunn 2 (Chris Kreider 10, Jaden Schwartz 9) at 11:06 (PP)
Penalties :
Anthony Deangelo (SJS) for Tripping (Minor) at 10:54, Anthony Deangelo (SJS) for Hooking (Minor) at 12:24, Ryan Strome (SJS) for Hooking (Minor) at 17:46
3rd period
8. San Jose Sharks , Ryan Strome 9 (Joel Edmundson 2, Oliver Bjorkstrand 8) at 1:37
9. Vegas Golden Knights , John Marino 1 (Nikolaj Ehlers 9, Sean Monahan 8) at 2:41 (PP)
10. San Jose Sharks , Ryan Hartman 4 (Adam Henrique 6, Nikita Zadorov 4) at 4:53 (PP)
11. Vegas Golden Knights , Joe Pavelski 7 (Reilly Smith 6, Chris Kreider 11) at 5:22 (PP)
12. San Jose Sharks , Adam Henrique 6 (Ryan Hartman 4) at 5:32
13. Vegas Golden Knights , Joe Pavelski 8 (Chris Kreider 12, Vince Dunn 6) at 8:53 (PP)
14. Vegas Golden Knights , Zach Parise 3 (Anthony Cirelli 4) at 19:22 (Empty Net)
Penalties :
Anthony Cirelli (VGK) for Fighting (Major) at 1:47, Connor Murphy (SJS) for Fighting (Major) at 1:47, Connor Murphy (SJS) for instigated a fight (Minor) at 1:47, Connor Murphy (SJS) for instigated a fight (10 Minutes Misconduct) at 1:47, Jaden Schwartz (VGK) for High sticking (Minor) at 4:41, Anthony Deangelo (SJS) for High sticking (Minor) at 5:06, Jacob Middleton (SJS) for Hooking (Minor) at 8:33, Jacob Middleton (SJS) for Hooking (Minor) at 9:33
Goalie Stats
Martin Jones (SJS), 27 saves from 34 shots - (0.794), L, 7-3-0, 59:15 minutes
Alexandar Georgiev (VGK), 25 saves from 31 shots - (0.806), W, 5-5-0, 60:00 minutes
Players Stats for San Jose Sharks
Player Name G A P +/- PIM S H SB GA TA FO MP PP MP PK MP
------------------------------------------------------------------------------------
Adam Henrique 1 2 3 0 0 3 0 2 2 0 7/20 18:48 0:12 3:34
Alex Iafallo 1 0 1 0 0 6 2 0 0 0 2/5 18:46 0:12 4:05
Andreas Athanasiou 0 1 1 1 0 1 0 0 1 0 1/2 14:00 0:00 0:00
Anthony Deangelo 0 0 0 1 6 0 0 1 0 2 0/0 21:20 0:12 2:30
Connor Murphy 0 0 0 -1 17 0 2 7 0 0 0/0 16:17 0:00 2:16
Danton Heinen 0 0 0 -1 0 0 3 0 0 0 0/0 8:48 0:00 0:00
Derek Forbort 0 0 0 1 0 0 0 3 0 0 0/0 22:59 0:00 3:59
Jacob Middleton 0 1 1 1 4 0 1 1 0 1 0/0 18:29 0:00 1:47
Joel Edmundson 0 1 1 -1 0 2 5 0 0 0 0/0 21:46 0:00 3:51
Michael Bunting 0 0 0 -1 0 1 1 0 2 0 0/0 8:48 0:00 0:00
Mike Hoffman 0 0 0 -1 0 1 1 0 0 1 2/7 9:00 0:00 0:12
Nicholas Paul 0 0 0 1 0 1 2 0 0 0 6/11 13:45 0:00 0:00
Nikita Zadorov 0 1 1 1 0 2 1 0 1 0 0/0 19:22 0:12 0:55
Oliver Bjorkstrand 0 1 1 1 0 3 1 0 1 1 0/1 14:34 0:00 0:00
Ryan Hartman 1 2 3 0 0 1 3 0 0 2 0/0 18:46 0:12 4:05
Ryan Strome 2 0 2 1 2 4 1 0 0 0 0/0 14:47 0:00 0:00
Travis Boyd 1 0 1 1 0 1 0 1 0 0 0/0 13:45 0:00 0:00
William Karlsson 0 1 1 1 0 5 0 1 1 1 11/21 18:14 0:00 3:22
Players Stats for Vegas Golden Knights
Player Name G A P +/- PIM S H SB GA TA FO MP PP MP PK MP
------------------------------------------------------------------------------------
Andrew Peeke 0 0 0 0 0 0 2 3 0 1 0/0 22:06 0:00 0:00
Anthony Cirelli 0 2 2 0 5 0 0 0 0 1 9/18 14:10 0:13 0:00
Chris Kreider 0 3 3 0 0 2 3 1 1 0 0/0 18:58 3:53 0:00
Eric Staal 0 1 1 2 0 1 0 2 0 0 2/2 9:53 0:00 0:09
Jaden Schwartz 0 1 1 -1 2 3 2 0 1 0 0/0 16:36 3:53 0:00
Joe Pavelski 2 1 3 -1 0 5 3 0 0 0 2/5 19:40 3:49 0:00
John Marino 1 0 1 0 0 2 0 2 0 1 0/0 17:08 3:48 0:00
Jordan Staal 0 0 0 -1 0 0 0 0 0 1 10/17 12:48 0:00 0:00
Marc Staal 0 0 0 0 0 1 1 0 0 1 0/0 16:09 0:00 0:12
Marc-Edouard Vlasic 1 0 1 0 0 2 0 4 0 0 0/0 13:26 0:00 0:12
Nikolaj Ehlers 0 2 2 -2 0 3 1 3 3 0 0/1 18:46 3:48 0:00
Reilly Smith 0 1 1 -1 0 1 0 0 0 0 4/5 17:52 3:51 0:03
Rickard Rakell 0 0 0 -2 0 4 2 1 0 0 0/0 18:18 3:46 0:00
Sean Monahan 1 1 2 0 0 2 4 0 0 1 11/18 18:52 3:46 0:00
Travis Hamonic 0 0 0 -1 0 0 1 2 0 0 0/0 15:51 0:00 0:00
Victor Olofsson 1 0 1 1 0 1 1 0 2 0 0/1 12:23 3:37 0:00
Vince Dunn 1 2 3 -1 0 5 0 3 1 2 0/0 26:43 3:51 0:00
Zach Parise 1 1 2 2 0 3 0 0 0 0 0/0 10:07 0:00 0:12
3 Stars
1 - Joe Pavelski (VGK)
2 - Sean Monahan (VGK)
3 - Zach Parise (VGK)
Power Play
San Jose Sharks - 1 on 1 Attempt(s) - 100.00%
Vegas Golden Knights - 4 on 7 Attempt(s) - 57.14%
Penalty Kill
San Jose Sharks - 3 on 7 Attempt(s) - 42.86%
- Score 0 goal in Penalty Kill
Vegas Golden Knights - 0 on 1 Attempt(s) - 0.00%
- Score 0 goal in Penalty Kill
Team Stat
San Jose Sharks - Hits : 23 - Faceoff Wins : 29 - Blocked Shots : 16 - Penalty Minutes : 29
Vegas Golden Knights - Hits : 20 - Faceoff Wins : 38 - Blocked Shots : 21 - Penalty Minutes : 7
Official
Referees : Steve Kozari and Mike Leggo
Linesman : Tim Nowak and John Grandt
Game Notes
Anthony Cirelli and Connor Murphy fight to a draw at 1:47 of 3rd period
Zach Parise has scored in a empty net!
Finance
Level 1 -- Attendance: 5874 (97.90%) -- Ticket Income $558,030
Level 2 -- Attendance: 4985 (99.70%) -- Ticket Income $274,175
Level 3 -- Attendance: 2826 (94.20%) -- Ticket Income $84,780
Level 4 -- Attendance: 4901 (98.02%) -- Ticket Income $98,020
Luxury Box -- Attendance: 1000 (100.00%) -- Ticket Income $190,000
Game was played at the T-Mobile Arena.
Total Attendance: 19586 (97.93%)
Total Ticket Income: $1,205,005
Other Income: $421,752
Total Income: $1,626,757
San Jose Sharks
5 vs 5 Forward
Center Left Wing Right Wing Time % Phy DF OF
1 Adam Henrique Alex Iafallo Ryan Hartman 30 1 2 2
2 William Karlsson Oliver Bjorkstrand Ryan Strome 30 1 2 2
3 Nicholas Paul Andreas Athanasiou Travis Boyd 25 1 2 2
4 Mike Hoffman Michael Bunting Danton Heinen 15 1 2 2
5 vs 5 Defense
Defense Defense Time % Phy DF OF
1 Connor Murphy Joel Edmundson 35 1 2 2
2 Derek Forbort Anthony Deangelo 35 1 2 2
3 Nikita Zadorov Jacob Middleton 30 1 2 2
4 Connor Murphy Derek Forbort 0 1 2 2
PowerPlay Forward
Center Left Wing Right Wing Time % Phy DF OF
1 Adam Henrique Alex Iafallo Ryan Hartman 50 1 2 2
2 William Karlsson Oliver Bjorkstrand Ryan Strome 50 1 2 2
PowerPlay Defense
Defense Defense Time % Phy DF OF
1 Connor Murphy Nikita Zadorov 50 1 2 2
2 Derek Forbort Anthony Deangelo 50 1 2 2
Penalty Kill 4 Players Forward
Center Wing Time % Phy DF OF
1 Adam Henrique William Karlsson 50 1 2 2
2 Alex Iafallo Ryan Hartman 50 1 2 2
Penalty Kill 4 Players Defense
Defense Defense Time % Phy DF OF
1 Connor Murphy Joel Edmundson 50 1 2 2
2 Derek Forbort Anthony Deangelo 50 1 2 2
Penalty Kill - 3 Players Forward
Forward Time % Phy DF OF
1 Adam Henrique 50 1 2 2
2 William Karlsson 50 1 2 2
Penalty Kill - 3 Players Defense
Defense Defense Time % Phy DF OF
1 Connor Murphy Joel Edmundson 50 1 2 2
2 Derek Forbort Anthony Deangelo 50 1 2 2
4 vs 4 Forward
Center Wing Time % Phy DF OF
1 Adam Henrique William Karlsson 50 1 2 2
2 Alex Iafallo Ryan Hartman 50 1 2 2
4 vs 4 Defense
Defense Defense Time % Phy DF OF
1 Connor Murphy Jacob Middleton 50 1 2 2
2 Derek Forbort Anthony Deangelo 50 1 2 2
Last Minutes Offensive
Center Left Wing Right Wing Defense Defense
Adam Henrique Alex Iafallo Ryan Hartman Connor Murphy Joel Edmundson
Last Minutes Defensive
Center Left Wing Right Wing Defense Defense
Adam Henrique Alex Iafallo Ryan Hartman Connor Murphy Joel Edmundson
Goaltenders
Starting : Martin Jones
Backup : James Reimer
Extra Forwards
Normal : Michael Bunting, Andreas Athanasiou, Mike Hoffman - PP : Michael Bunting, Andreas Athanasiou - PK : Mike Hoffman
Extra Defensemen
Normal : Nikita Zadorov, Jacob Middleton, Derek Forbort - PP : Nikita Zadorov - PK : Jacob Middleton, Derek Forbort
Penalty Shots
Adam Henrique, William Karlsson, Alex Iafallo, Ryan Hartman, Ryan Strome
Vegas Golden Knights
5 vs 5 Forward
Center Left Wing Right Wing Time % Phy DF OF
1 Sean Monahan Chris Kreider Joe Pavelski 30 1 2 2
2 Anthony Cirelli Nikolaj Ehlers Rickard Rakell 30 1 2 2
3 Jordan Staal Jaden Schwartz Reilly Smith 25 1 2 2
4 Eric Staal Zach Parise Victor Olofsson 15 1 2 2
5 vs 5 Defense
Defense Defense Time % Phy DF OF
1 Vince Dunn Andrew Peeke 30 1 2 2
2 Marc Staal Travis Hamonic 30 1 2 2
3 Marc-Edouard Vlasic John Marino 25 1 2 2
4 Andrew Peeke Vince Dunn 15 1 2 2
PowerPlay Forward
Center Left Wing Right Wing Time % Phy DF OF
1 Joe Pavelski Chris Kreider Jaden Schwartz 50 1 2 2
2 Sean Monahan Rickard Rakell Victor Olofsson 50 1 2 2
PowerPlay Defense
Defense Defense Time % Phy DF OF
1 Reilly Smith Vince Dunn 50 1 2 2
2 Nikolaj Ehlers John Marino 50 1 2 2
Penalty Kill 4 Players Forward
Center Wing Time % Phy DF OF
1 Anthony Cirelli Zach Parise 50 1 2 2
2 Eric Staal Jordan Staal 50 1 2 2
Penalty Kill 4 Players Defense
Defense Defense Time % Phy DF OF
1 Andrew Peeke Travis Hamonic 50 1 2 2
2 Marc-Edouard Vlasic Marc Staal 50 1 2 2
Penalty Kill - 3 Players Forward
Forward Time % Phy DF OF
1 Zach Parise 50 1 2 2
2 Jordan Staal 50 1 2 2
Penalty Kill - 3 Players Defense
Defense Defense Time % Phy DF OF
1 Andrew Peeke Travis Hamonic 50 1 2 2
2 Eric Staal Marc Staal 50 1 2 2
4 vs 4 Forward
Center Wing Time % Phy DF OF
1 Joe Pavelski Chris Kreider 50 1 2 2
2 Sean Monahan Reilly Smith 50 1 2 2
4 vs 4 Defense
Defense Defense Time % Phy DF OF
1 Andrew Peeke Travis Hamonic 50 1 2 2
2 Vince Dunn John Marino 50 1 2 2
Last Minutes Offensive
Center Left Wing Right Wing Defense Defense
Joe Pavelski Chris Kreider Nikolaj Ehlers Vince Dunn John Marino
Last Minutes Defensive
Center Left Wing Right Wing Defense Defense
Anthony Cirelli Zach Parise Eric Staal Marc Staal Andrew Peeke
Goaltenders
Starting : Alexandar Georgiev
Backup : Philipp Grubauer
Extra Forwards
Normal : Reilly Smith, Joe Pavelski, Chris Kreider - PP : Victor Olofsson, Anthony Cirelli - PK : Reilly Smith
Extra Defensemen
Normal : Marc Staal, Andrew Peeke, Vince Dunn - PP : Travis Hamonic - PK : John Marino, Andrew Peeke
Penalty Shots
Rickard Rakell, Anthony Cirelli, Victor Olofsson, Zach Parise, Joe Pavelski
% Time on Ice - San Jose Sharks
Lines # - Real PCT - Wanted PCT - Time Play
Normal Forward
1 - 29% - 30% - 14:51
2 - 28% - 30% - 14:34
3 - 26% - 25% - 13:45
4 - 17% - 15% - 8:48
Normal Defense
1 - 35% - 35% - 18:07
2 - 34% - 35% - 17:35
3 - 28% - 30% - 14:29
4 - 3% - 0% - 1:47
PP Forward
1 - 100% - 50% - 0:12
2 - 0% - 50% - 0:00
PP Defense
1 - 100% - 50% - 0:12
2 - 0% - 50% - 0:00
PK Forward
1 - 47% - 50% - 3:34
2 - 53% - 50% - 4:05
PK Defense
1 - 51% - 50% - 3:53
2 - 49% - 50% - 3:46
PK3 Forward
1 - 0% - 50%
2 - 0% - 50%
PK3 Defense
1 - 0% - 50%
2 - 0% - 50%
44 Forward
1 - 0% - 50%
2 - 0% - 50%
44 Defense
1 - 0% - 50%
2 - 0% - 50%
Last Minute Offensive - 0:11
Last Minute Defensive - 0:00
Total
Forward - 60:00
Defense - 60:00
|
% Time on Ice - Vegas Golden Knights
Lines # - Real PCT - Wanted PCT - Time Play
Normal Forward
1 - 29% - 30% - 14:51
2 - 29% - 30% - 14:58
3 - 24% - 25% - 12:36
4 - 18% - 15% - 9:32
Normal Defense
1 - 31% - 30% - 16:02
2 - 31% - 30% - 15:51
3 - 25% - 25% - 13:14
4 - 13% - 15% - 6:50
PP Forward
1 - 51% - 50% - 3:53
2 - 49% - 50% - 3:46
PP Defense
1 - 50% - 50% - 3:51
2 - 50% - 50% - 3:48
PK Forward
1 - 100% - 50% - 0:12
2 - 0% - 50% - 0:00
PK Defense
1 - 0% - 50% - 0:00
2 - 100% - 50% - 0:12
PK3 Forward
1 - 0% - 50%
2 - 0% - 50%
PK3 Defense
1 - 0% - 50%
2 - 0% - 50%
44 Forward
1 - 0% - 50%
2 - 0% - 50%
44 Defense
1 - 0% - 50%
2 - 0% - 50%
Last Minute Offensive - 0:00
Last Minute Defensive - 0:12
Total
Forward - 60:00
Defense - 60:00
|
Play-by-Play
1st period
0:01 of 1st period - Sean Monahan wins face-off versus Adam Henrique in neutral zone.
0:08 of 1st period - Wrist shot by Chris Kreider.
0:08 of 1st period - Shot Blocked by Connor Murphy.
0:26 of 1st period - Anthony Cirelli is hit by Joel Edmundson and loses puck.
0:31 of 1st period - Slapshot by Oliver Bjorkstrand.
0:31 of 1st period - Stopped by Alexandar Georgiev without a rebound.
0:32 of 1st period - William Karlsson wins face-off versus Jordan Staal in Vegas Golden Knights zone.
1:55 of 1st period - Wrist shot by Oliver Bjorkstrand.
1:55 of 1st period - Stopped by Alexandar Georgiev with a rebound.
2:13 of 1st period - Snap shot by William Karlsson.
2:13 of 1st period - Stopped by Alexandar Georgiev without a rebound.
2:14 of 1st period - Nicholas Paul wins face-off versus Anthony Cirelli in Vegas Golden Knights zone.
2:15 of 1st period - Snap shot by Andreas Athanasiou.
2:15 of 1st period - Shot Misses the Net.
2:29 of 1st period - Snap shot by Rickard Rakell.
2:29 of 1st period - Stopped by Martin Jones with a rebound.
2:39 of 1st period - John Marino is hit by Alex Iafallo and loses puck.
2:54 of 1st period - Alex Iafallo is hit by Joe Pavelski and loses puck.
3:07 of 1st period - Marc-Edouard Vlasic is hit by Danton Heinen and loses puck.
5:21 of 1st period - Danton Heinen is hit by Andrew Peeke.
5:42 of 1st period - Jacob Middleton is hit by Chris Kreider and loses puck.
7:07 of 1st period - Snap shot by Oliver Bjorkstrand.
7:07 of 1st period - Shot Misses the Net.
7:14 of 1st period - Icing by Marc-Edouard Vlasic.
7:15 of 1st period - Eric Staal wins face-off versus Mike Hoffman in Vegas Golden Knights zone.
7:30 of 1st period - Wrist shot by Victor Olofsson.
7:30 of 1st period - Goal by Victor Olofsson - San Jose Sharks : 0 - Vegas Golden Knights : 1.
7:31 of 1st period - Anthony Cirelli wins face-off versus Adam Henrique in neutral zone.
7:34 of 1st period - Wrist shot by Nikolaj Ehlers.
7:34 of 1st period - Stopped by Martin Jones with a rebound.
7:40 of 1st period - Anthony Cirelli is hit by Ryan Hartman and loses puck.
7:57 of 1st period - Travis Boyd is hit by Joe Pavelski and loses puck.
8:36 of 1st period - Travis Hamonic is hit by Joel Edmundson and loses puck.
8:41 of 1st period - Slapshot by Michael Bunting.
8:41 of 1st period - Shot Blocked by Eric Staal.
8:43 of 1st period - Slapshot by Connor Murphy.
8:43 of 1st period - Shot Blocked by Travis Hamonic.
9:27 of 1st period - Slapshot by Marc-Edouard Vlasic.
9:27 of 1st period - Stopped by Martin Jones without a rebound.
9:28 of 1st period - Anthony Cirelli wins face-off versus William Karlsson in San Jose Sharks zone.
9:33 of 1st period - Snap shot by Rickard Rakell.
9:33 of 1st period - Shot Blocked by Jacob Middleton.
9:35 of 1st period - Snap shot by Marc-Edouard Vlasic.
9:35 of 1st period - Shot Blocked by William Karlsson.
9:37 of 1st period - Slapshot by John Marino.
9:37 of 1st period - Stopped by Martin Jones with a rebound.
9:39 of 1st period - Slapshot by Marc-Edouard Vlasic.
9:39 of 1st period - Shot Misses the Net.
9:43 of 1st period - Wrist shot by Rickard Rakell.
9:43 of 1st period - Stopped by Martin Jones without a rebound.
9:44 of 1st period - Sean Monahan wins face-off versus Adam Henrique in San Jose Sharks zone.
9:53 of 1st period - Snap shot by Adam Henrique.
9:53 of 1st period - Stopped by Alexandar Georgiev with a rebound.
9:55 of 1st period - Wrist shot by Adam Henrique.
9:55 of 1st period - Shot Blocked by Vince Dunn.
9:57 of 1st period - Slapshot by Nikita Zadorov.
9:57 of 1st period - Stopped by Alexandar Georgiev without a rebound.
9:58 of 1st period - Anthony Cirelli wins face-off versus Nicholas Paul in Vegas Golden Knights zone.
9:58 of 1st period - Anthony Cirelli is hit by Nicholas Paul.
10:15 of 1st period - Off-side.
10:16 of 1st period - Adam Henrique wins face-off versus Sean Monahan in neutral zone.
10:41 of 1st period - William Karlsson is hit by Jaden Schwartz and loses puck.
11:08 of 1st period - Andreas Athanasiou is hit by Marc Staal and loses puck.
12:07 of 1st period - Oliver Bjorkstrand is hit by Sean Monahan.
12:21 of 1st period - Wrist shot by Chris Kreider.
12:21 of 1st period - Stopped by Martin Jones with a rebound.
13:18 of 1st period - Off-side.
13:19 of 1st period - Mike Hoffman wins face-off versus Jordan Staal in neutral zone.
13:44 of 1st period - Wrist shot by Mike Hoffman.
13:44 of 1st period - Stopped by Alexandar Georgiev without a rebound.
13:45 of 1st period - Sean Monahan wins face-off versus Adam Henrique in Vegas Golden Knights zone.
13:54 of 1st period - Snap shot by Joe Pavelski.
13:54 of 1st period - Stopped by Martin Jones with a rebound.
13:56 of 1st period - Wrist shot by Vince Dunn.
13:56 of 1st period - Deflect By Sean Monahan.
13:56 of 1st period - Goal by Sean Monahan - San Jose Sharks : 0 - Vegas Golden Knights : 2.
13:57 of 1st period - Sean Monahan wins face-off versus Oliver Bjorkstrand in neutral zone.
14:08 of 1st period - Slapshot by Sean Monahan.
14:08 of 1st period - Shot Blocked by Connor Murphy.
14:10 of 1st period - Snap shot by Sean Monahan.
14:10 of 1st period - Stopped by Martin Jones with a rebound.
15:07 of 1st period - Adam Henrique is hit by Chris Kreider and loses puck.
15:32 of 1st period - Snap shot by Alex Iafallo.
15:32 of 1st period - Goal by Alex Iafallo - San Jose Sharks : 1 - Vegas Golden Knights : 2.
15:33 of 1st period - Anthony Cirelli wins face-off versus William Karlsson in neutral zone.
15:40 of 1st period - Andrew Peeke is hit by Ryan Strome and loses puck.
15:59 of 1st period - Andreas Athanasiou is hit by Andrew Peeke and loses puck.
16:48 of 1st period - Snap shot by Victor Olofsson.
16:48 of 1st period - Shot Misses the Net.
17:06 of 1st period - Wrist shot by William Karlsson.
17:06 of 1st period - Stopped by Alexandar Georgiev with a rebound.
17:08 of 1st period - Snap shot by Anthony Deangelo.
17:08 of 1st period - Shot Blocked by Andrew Peeke.
17:24 of 1st period - Snap shot by Andreas Athanasiou.
17:24 of 1st period - Shot Misses the Net.
18:32 of 1st period - Slapshot by Oliver Bjorkstrand.
18:32 of 1st period - Shot Blocked by Marc-Edouard Vlasic.
18:34 of 1st period - Slapshot by Jacob Middleton.
18:34 of 1st period - Shot Blocked by Nikolaj Ehlers.
18:53 of 1st period - Off-side.
18:54 of 1st period - Sean Monahan wins face-off versus William Karlsson in neutral zone.
19:19 of 1st period - Joel Edmundson is hit by Rickard Rakell and loses puck.
Goals for this period are 1 for San Jose Sharks vs 2 for Vegas Golden Knights.
Shots for this period are 8 for San Jose Sharks vs 10 for Vegas Golden Knights.
2nd period
0:01 of 2nd period - William Karlsson wins face-off versus Anthony Cirelli in neutral zone.
0:03 of 2nd period - Off-side.
0:04 of 2nd period - William Karlsson wins face-off versus Anthony Cirelli in neutral zone.
0:16 of 2nd period - Wrist shot by Rickard Rakell.
0:16 of 2nd period - Shot Blocked by Connor Murphy.
0:38 of 2nd period - Wrist shot by Alex Iafallo.
0:38 of 2nd period - Stopped by Alexandar Georgiev with a rebound.
0:58 of 2nd period - Snap shot by Travis Boyd.
0:58 of 2nd period - Shot Blocked by Vince Dunn.
1:00 of 2nd period - Slapshot by Anthony Deangelo.
1:00 of 2nd period - Shot Blocked by Andrew Peeke.
1:04 of 2nd period - Snap shot by Andreas Athanasiou.
1:04 of 2nd period - Shot Misses the Net.
1:22 of 2nd period - Snap shot by Zach Parise.
1:22 of 2nd period - Stopped by Martin Jones with a rebound.
1:24 of 2nd period - Slapshot by Vince Dunn.
1:24 of 2nd period - Stopped by Martin Jones with a rebound.
1:38 of 2nd period - Slapshot by William Karlsson.
1:38 of 2nd period - Shot Blocked by Nikolaj Ehlers.
2:23 of 2nd period - Snap shot by Jaden Schwartz.
2:23 of 2nd period - Deflect By Reilly Smith.
2:23 of 2nd period - Deflect By Andreas Athanasiou.
2:23 of 2nd period - Shot Misses the Net.
2:23 of 2nd period - Puck is out of play.
2:24 of 2nd period - Anthony Cirelli wins face-off versus William Karlsson in San Jose Sharks zone.
2:29 of 2nd period - Snap shot by Nikolaj Ehlers.
2:29 of 2nd period - Stopped by Martin Jones with a rebound.
2:31 of 2nd period - Wrist shot by Anthony Cirelli.
2:31 of 2nd period - Shot Hit the Post.
2:33 of 2nd period - Slapshot by Marc-Edouard Vlasic.
2:33 of 2nd period - Shot Blocked by Connor Murphy.
2:35 of 2nd period - Snap shot by Nikolaj Ehlers.
2:35 of 2nd period - Shot Hit the Post.
2:37 of 2nd period - Snap shot by Marc-Edouard Vlasic.
2:37 of 2nd period - Goal by Marc-Edouard Vlasic - San Jose Sharks : 1 - Vegas Golden Knights : 3.
2:38 of 2nd period - Anthony Cirelli wins face-off versus William Karlsson in neutral zone.
3:05 of 2nd period - Jordan Staal is hit by Ryan Hartman and loses puck.
3:12 of 2nd period - Wrist shot by Alex Iafallo.
3:12 of 2nd period - Deflect By Adam Henrique.
3:12 of 2nd period - Stopped by Alexandar Georgiev without a rebound.
3:13 of 2nd period - Sean Monahan wins face-off versus Nicholas Paul in Vegas Golden Knights zone.
3:38 of 2nd period - Jacob Middleton is hit by Nikolaj Ehlers and loses puck.
3:46 of 2nd period - Off-side.
3:47 of 2nd period - Jordan Staal wins face-off versus Adam Henrique in neutral zone.
4:00 of 2nd period - Snap shot by Jaden Schwartz.
4:00 of 2nd period - Stopped by Martin Jones without a rebound.
4:01 of 2nd period - Nicholas Paul wins face-off versus Sean Monahan in San Jose Sharks zone.
4:05 of 2nd period - Off-side.
4:06 of 2nd period - Nicholas Paul wins face-off versus Sean Monahan in neutral zone.
4:23 of 2nd period - Andrew Peeke is hit by Nicholas Paul.
4:35 of 2nd period - Wrist shot by William Karlsson.
4:35 of 2nd period - Shot Misses the Net.
4:37 of 2nd period - Slapshot by Joel Edmundson.
4:37 of 2nd period - Deflect By William Karlsson.
4:37 of 2nd period - Stopped by Alexandar Georgiev without a rebound.
4:38 of 2nd period - Anthony Cirelli wins face-off versus Adam Henrique in Vegas Golden Knights zone.
4:42 of 2nd period - Off-side.
4:43 of 2nd period - Adam Henrique wins face-off versus Jordan Staal in neutral zone.
5:38 of 2nd period - Marc Staal is hit by Connor Murphy and loses puck.
5:49 of 2nd period - Travis Hamonic is hit by Mike Hoffman and loses puck.
5:54 of 2nd period - Snap shot by Michael Bunting.
5:54 of 2nd period - Stopped by Alexandar Georgiev without a rebound.
5:55 of 2nd period - Jordan Staal wins face-off versus Mike Hoffman in Vegas Golden Knights zone.
5:55 of 2nd period - Jordan Staal is hit by Michael Bunting.
6:01 of 2nd period - Snap shot by Reilly Smith.
6:01 of 2nd period - Deflect By Jaden Schwartz.
6:01 of 2nd period - Shot Blocked by Derek Forbort.
6:01 of 2nd period - Puck is out of play.
6:02 of 2nd period - Adam Henrique wins face-off versus Jordan Staal in San Jose Sharks zone.
6:32 of 2nd period - Off-side.
6:33 of 2nd period - William Karlsson wins face-off versus Anthony Cirelli in neutral zone.
6:36 of 2nd period - Wrist shot by Ryan Strome.
6:36 of 2nd period - Goal by Ryan Strome - San Jose Sharks : 2 - Vegas Golden Knights : 3.
6:37 of 2nd period - William Karlsson wins face-off versus Sean Monahan in neutral zone.
6:42 of 2nd period - Wrist shot by Ryan Strome.
6:42 of 2nd period - Shot Misses the Net.
6:44 of 2nd period - Snap shot by Ryan Strome.
6:44 of 2nd period - Deflect By Oliver Bjorkstrand.
6:44 of 2nd period - Shot Misses the Net.
6:44 of 2nd period - Puck is out of play.
6:45 of 2nd period - Sean Monahan wins face-off versus William Karlsson in Vegas Golden Knights zone.
7:05 of 2nd period - Oliver Bjorkstrand is hit by Chris Kreider and loses puck.
7:18 of 2nd period - Slapshot by William Karlsson.
7:18 of 2nd period - Stopped by Alexandar Georgiev with a rebound.
7:20 of 2nd period - Backhand shot by William Karlsson.
7:20 of 2nd period - Stopped by Alexandar Georgiev without a rebound.
7:21 of 2nd period - Adam Henrique wins face-off versus Nikolaj Ehlers in Vegas Golden Knights zone.
7:28 of 2nd period - Snap shot by Alex Iafallo.
7:28 of 2nd period - Stopped by Alexandar Georgiev without a rebound.
7:29 of 2nd period - Anthony Cirelli wins face-off versus Adam Henrique in Vegas Golden Knights zone.
7:43 of 2nd period - Slapshot by Alex Iafallo.
7:43 of 2nd period - Stopped by Alexandar Georgiev with a rebound.
7:45 of 2nd period - Slapshot by Joel Edmundson.
7:45 of 2nd period - Stopped by Alexandar Georgiev with a rebound.
7:47 of 2nd period - Slapshot by Alex Iafallo.
7:47 of 2nd period - Shot Blocked by John Marino.
8:03 of 2nd period - Snap shot by Nikolaj Ehlers.
8:03 of 2nd period - Stopped by Martin Jones with a rebound.
8:13 of 2nd period - Snap shot by Alex Iafallo.
8:13 of 2nd period - Stopped by Alexandar Georgiev with a rebound.
8:25 of 2nd period - Snap shot by Ryan Hartman.
8:25 of 2nd period - Shot Blocked by Marc-Edouard Vlasic.
8:27 of 2nd period - Slapshot by Connor Murphy.
8:27 of 2nd period - Shot Blocked by John Marino.
8:29 of 2nd period - Snap shot by Alex Iafallo.
8:29 of 2nd period - Shot Blocked by Marc-Edouard Vlasic.
8:39 of 2nd period - Slapshot by Adam Henrique.
8:39 of 2nd period - Shot Misses the Net.
9:04 of 2nd period - Wrist shot by Ryan Hartman.
9:04 of 2nd period - Deflect By Adam Henrique.
9:04 of 2nd period - Shot Blocked by Marc-Edouard Vlasic.
9:04 of 2nd period - Puck is out of play.
9:05 of 2nd period - Nicholas Paul wins face-off versus Jordan Staal in Vegas Golden Knights zone.
9:06 of 2nd period - Wrist shot by Andreas Athanasiou.
9:06 of 2nd period - Shot Misses the Net.
9:08 of 2nd period - Slapshot by Jacob Middleton.
9:08 of 2nd period - Shot Blocked by Andrew Peeke.
9:10 of 2nd period - Snap shot by Travis Boyd.
9:10 of 2nd period - Goal by Travis Boyd - San Jose Sharks : 3 - Vegas Golden Knights : 3.
9:11 of 2nd period - Andreas Athanasiou wins face-off versus Jordan Staal in neutral zone.
9:24 of 2nd period - Snap shot by Travis Boyd.
9:24 of 2nd period - Shot Misses the Net.
9:38 of 2nd period - Andrew Peeke is hit by Oliver Bjorkstrand and loses puck.
10:27 of 2nd period - Wrist shot by Jaden Schwartz.
10:27 of 2nd period - Stopped by Martin Jones without a rebound.
10:28 of 2nd period - William Karlsson wins face-off versus Victor Olofsson in San Jose Sharks zone.
10:32 of 2nd period - Off-side.
10:33 of 2nd period - Eric Staal wins face-off versus William Karlsson in neutral zone.
10:36 of 2nd period - Wrist shot by Zach Parise.
10:36 of 2nd period - Shot Misses the Net.
10:38 of 2nd period - Slapshot by Marc Staal.
10:38 of 2nd period - Stopped by Martin Jones with a rebound.
10:40 of 2nd period - Snap shot by Eric Staal.
10:40 of 2nd period - Stopped by Martin Jones with a rebound.
10:42 of 2nd period - Wrist shot by Victor Olofsson.
10:42 of 2nd period - Shot Misses the Net.
10:44 of 2nd period - Snap shot by Zach Parise.
10:44 of 2nd period - Shot Misses the Net.
10:54 of 2nd period - Minor Penalty to Anthony Deangelo for Tripping.
10:55 of 2nd period - Joe Pavelski wins face-off versus Adam Henrique in San Jose Sharks zone.
11:04 of 2nd period - Wrist shot by Chris Kreider.
11:04 of 2nd period - Shot Blocked by Connor Murphy.
11:06 of 2nd period - Snap shot by Vince Dunn.
11:06 of 2nd period - Goal by Vince Dunn - San Jose Sharks : 3 - Vegas Golden Knights : 4.
11:07 of 2nd period - Reilly Smith wins face-off versus Nicholas Paul in neutral zone.
11:10 of 2nd period - Wrist shot by Vince Dunn.
11:10 of 2nd period - Stopped by Martin Jones without a rebound.
11:11 of 2nd period - Jordan Staal wins face-off versus Nicholas Paul in San Jose Sharks zone.
11:12 of 2nd period - Wrist shot by Reilly Smith.
11:12 of 2nd period - Shot Blocked by Travis Boyd.
11:36 of 2nd period - Nicholas Paul is hit by Victor Olofsson and loses puck.
11:55 of 2nd period - Slapshot by Nicholas Paul.
11:55 of 2nd period - Stopped by Alexandar Georgiev with a rebound.
11:57 of 2nd period - Slapshot by Nikita Zadorov.
11:57 of 2nd period - Stopped by Alexandar Georgiev without a rebound.
11:58 of 2nd period - Sean Monahan wins face-off versus Mike Hoffman in Vegas Golden Knights zone.
12:24 of 2nd period - Minor Penalty to Anthony Deangelo for Hooking.
12:25 of 2nd period - Alex Iafallo wins face-off versus Sean Monahan in San Jose Sharks zone.
12:25 of 2nd period - Alex Iafallo is hit by Sean Monahan.
12:42 of 2nd period - Snap shot by Adam Henrique.
12:42 of 2nd period - Shot Blocked by Nikolaj Ehlers.
14:01 of 2nd period - Sean Monahan is hit by Alex Iafallo and loses puck.
14:20 of 2nd period - Nikolaj Ehlers is hit by Joel Edmundson and loses puck.
14:24 of 2nd period - Penalty to Anthony Deangelo is over, Anthony Deangelo is back on ice.
16:04 of 2nd period - Rickard Rakell is hit by Danton Heinen and loses puck.
16:15 of 2nd period - Reilly Smith is hit by Jacob Middleton.
17:19 of 2nd period - Backhand shot by Nicholas Paul.
17:19 of 2nd period - Shot Misses the Net.
17:46 of 2nd period - Minor Penalty to Ryan Strome for Hooking.
17:47 of 2nd period - Alex Iafallo wins face-off versus Joe Pavelski in San Jose Sharks zone.
18:21 of 2nd period - Connor Murphy is hit by Rickard Rakell.
18:25 of 2nd period - Slapshot by Joel Edmundson.
18:25 of 2nd period - Stopped by Alexandar Georgiev with a rebound.
18:31 of 2nd period - Jaden Schwartz is hit by Joel Edmundson and loses puck.
19:46 of 2nd period - Penalty to Ryan Strome is over, Ryan Strome is back on ice.
Goals for this period are 2 for San Jose Sharks vs 2 for Vegas Golden Knights.
Shots for this period are 15 for San Jose Sharks vs 11 for Vegas Golden Knights.
3rd period
0:01 of 3rd period - Jordan Staal wins face-off versus William Karlsson in neutral zone.
0:06 of 3rd period - Wrist shot by Jaden Schwartz.
0:06 of 3rd period - Stopped by Martin Jones with a rebound.
0:08 of 3rd period - Snap shot by Andrew Peeke.
0:08 of 3rd period - Shot Blocked by Connor Murphy.
0:10 of 3rd period - Snap shot by Reilly Smith.
0:10 of 3rd period - Stopped by Martin Jones with a rebound.
0:12 of 3rd period - Slapshot by Andrew Peeke.
0:12 of 3rd period - Shot Blocked by Connor Murphy.
0:26 of 3rd period - Vince Dunn is hit by Connor Murphy and loses puck.
0:37 of 3rd period - Slapshot by Vince Dunn.
0:37 of 3rd period - Shot Blocked by Derek Forbort.
1:09 of 3rd period - Snap shot by Chris Kreider.
1:09 of 3rd period - Stopped by Martin Jones with a rebound.
1:23 of 3rd period - Snap shot by Travis Boyd.
1:23 of 3rd period - Shot Misses the Net.
1:33 of 3rd period - Snap shot by Oliver Bjorkstrand.
1:33 of 3rd period - Shot Blocked by Rickard Rakell.
1:35 of 3rd period - Wrist shot by Ryan Strome.
1:35 of 3rd period - Stopped by Alexandar Georgiev with a rebound.
1:37 of 3rd period - Slapshot by Joel Edmundson.
1:37 of 3rd period - Deflect By Ryan Strome.
1:37 of 3rd period - Goal by Ryan Strome - San Jose Sharks : 4 - Vegas Golden Knights : 4.
1:38 of 3rd period - William Karlsson wins face-off versus Anthony Cirelli in neutral zone.
1:47 of 3rd period - Anthony Cirelli and Connor Murphy fight to a draw.
1:47 of 3rd period - Penalty to Anthony Cirelli for Fighting.
1:47 of 3rd period - Penalty to Connor Murphy for Fighting.
1:47 of 3rd period - Penalty to Connor Murphy for instigated a fight.
1:47 of 3rd period - Penalty to Connor Murphy for instigated a fight.
1:48 of 3rd period - Sean Monahan wins face-off versus Alex Iafallo in Vegas Golden Knights zone.
2:13 of 3rd period - Chris Kreider is hit by Joel Edmundson and loses puck.
2:35 of 3rd period - Off-side.
2:36 of 3rd period - Sean Monahan wins face-off versus Alex Iafallo in neutral zone.
2:39 of 3rd period - Slapshot by Nikolaj Ehlers.
2:39 of 3rd period - Shot Misses the Net.
2:41 of 3rd period - Wrist shot by John Marino.
2:41 of 3rd period - Goal by John Marino - San Jose Sharks : 4 - Vegas Golden Knights : 5.
2:42 of 3rd period - Jordan Staal wins face-off versus Adam Henrique in neutral zone.
3:53 of 3rd period - Joel Edmundson is hit by Sean Monahan and loses puck.
4:14 of 3rd period - Vince Dunn is hit by Ryan Hartman and loses puck.
4:41 of 3rd period - Minor Penalty to Jaden Schwartz for High sticking.
4:42 of 3rd period - Reilly Smith wins face-off versus Adam Henrique in Vegas Golden Knights zone.
4:53 of 3rd period - Snap shot by Ryan Hartman.
4:53 of 3rd period - Goal by Ryan Hartman - San Jose Sharks : 5 - Vegas Golden Knights : 5.
4:54 of 3rd period - Reilly Smith wins face-off versus William Karlsson in neutral zone.
5:06 of 3rd period - Minor Penalty to Anthony Deangelo for High sticking.
5:07 of 3rd period - Adam Henrique wins face-off versus Joe Pavelski in San Jose Sharks zone.
5:07 of 3rd period - Adam Henrique is hit by Jaden Schwartz.
5:20 of 3rd period - Wrist shot by Chris Kreider.
5:20 of 3rd period - Shot Misses the Net.
5:22 of 3rd period - Slapshot by Reilly Smith.
5:22 of 3rd period - Deflect By Joe Pavelski.
5:22 of 3rd period - Goal by Joe Pavelski - San Jose Sharks : 5 - Vegas Golden Knights : 6.
5:23 of 3rd period - Adam Henrique wins face-off versus Joe Pavelski in neutral zone.
5:32 of 3rd period - Wrist shot by Adam Henrique.
5:32 of 3rd period - Goal by Adam Henrique - San Jose Sharks : 6 - Vegas Golden Knights : 6.
5:33 of 3rd period - Reilly Smith wins face-off versus William Karlsson in neutral zone.
6:11 of 3rd period - Snap shot by Adam Henrique.
6:11 of 3rd period - Shot Blocked by Eric Staal.
6:31 of 3rd period - Joel Edmundson is hit by Travis Hamonic and loses puck.
6:40 of 3rd period - Travis Hamonic is hit by Nikita Zadorov and loses puck.
6:49 of 3rd period - Snap shot by Travis Boyd.
6:49 of 3rd period - Shot Blocked by Travis Hamonic.
6:51 of 3rd period - Slapshot by Travis Boyd.
6:51 of 3rd period - Shot Blocked by Chris Kreider.
6:53 of 3rd period - Slapshot by Travis Boyd.
6:53 of 3rd period - Shot Misses the Net.
7:13 of 3rd period - Snap shot by Andreas Athanasiou.
7:13 of 3rd period - Stopped by Alexandar Georgiev without a rebound.
7:14 of 3rd period - William Karlsson wins face-off versus Anthony Cirelli in Vegas Golden Knights zone.
7:21 of 3rd period - Snap shot by Oliver Bjorkstrand.
7:21 of 3rd period - Stopped by Alexandar Georgiev without a rebound.
7:22 of 3rd period - William Karlsson wins face-off versus Anthony Cirelli in Vegas Golden Knights zone.
7:51 of 3rd period - Slapshot by Reilly Smith.
7:51 of 3rd period - Shot Blocked by Anthony Deangelo.
7:55 of 3rd period - Snap shot by Reilly Smith.
7:55 of 3rd period - Shot Hit the Post.
8:11 of 3rd period - Victor Olofsson is hit by Danton Heinen and loses puck.
8:18 of 3rd period - Slapshot by Andrew Peeke.
8:18 of 3rd period - Shot Misses the Net.
8:20 of 3rd period - Slapshot by Vince Dunn.
8:20 of 3rd period - Stopped by Martin Jones without a rebound.
8:21 of 3rd period - William Karlsson wins face-off versus Anthony Cirelli in San Jose Sharks zone.
8:33 of 3rd period - Minor Penalty to Jacob Middleton for Hooking.
8:34 of 3rd period - Adam Henrique wins face-off versus Sean Monahan in San Jose Sharks zone.
8:44 of 3rd period - Snap shot by Rickard Rakell.
8:44 of 3rd period - Stopped by Martin Jones without a rebound.
8:45 of 3rd period - Joe Pavelski wins face-off versus Alex Iafallo in San Jose Sharks zone.
8:51 of 3rd period - Slapshot by Vince Dunn.
8:51 of 3rd period - Shot Misses the Net.
8:53 of 3rd period - Snap shot by Chris Kreider.
8:53 of 3rd period - Deflect By Joe Pavelski.
8:53 of 3rd period - Goal by Joe Pavelski - San Jose Sharks : 6 - Vegas Golden Knights : 7.
8:54 of 3rd period - Jordan Staal wins face-off versus Adam Henrique in neutral zone.
9:22 of 3rd period - Snap shot by Oliver Bjorkstrand.
9:22 of 3rd period - Shot Blocked by Vince Dunn.
9:33 of 3rd period - Minor Penalty to Jacob Middleton for Hooking.
9:34 of 3rd period - William Karlsson wins face-off versus Sean Monahan in San Jose Sharks zone.
9:46 of 3rd period - Slapshot by Rickard Rakell.
9:46 of 3rd period - Stopped by Martin Jones with a rebound.
11:33 of 3rd period - Penalty to Jacob Middleton is over, Jacob Middleton is back on ice.
13:06 of 3rd period - Icing by Ryan Hartman.
13:07 of 3rd period - Nicholas Paul wins face-off versus Anthony Cirelli in San Jose Sharks zone.
14:18 of 3rd period - Icing by Joel Edmundson.
14:19 of 3rd period - Mike Hoffman wins face-off versus Reilly Smith in San Jose Sharks zone.
14:51 of 3rd period - Snap shot by Joe Pavelski.
14:51 of 3rd period - Deflect By Ryan Hartman.
14:51 of 3rd period - Shot Misses the Net.
14:51 of 3rd period - Puck is out of play.
14:52 of 3rd period - Sean Monahan wins face-off versus Adam Henrique in San Jose Sharks zone.
14:55 of 3rd period - Wrist shot by Joe Pavelski.
14:55 of 3rd period - Stopped by Martin Jones with a rebound.
14:59 of 3rd period - Wrist shot by Joe Pavelski.
14:59 of 3rd period - Shot Misses the Net.
15:01 of 3rd period - Slapshot by Marc-Edouard Vlasic.
15:01 of 3rd period - Shot Hit the Post.
15:03 of 3rd period - Snap shot by Joe Pavelski.
15:03 of 3rd period - Stopped by Martin Jones without a rebound.
15:04 of 3rd period - Jordan Staal wins face-off versus Andreas Athanasiou in San Jose Sharks zone.
15:31 of 3rd period - Michael Bunting is hit by Sean Monahan and loses puck.
15:52 of 3rd period - Wrist shot by Victor Olofsson.
15:52 of 3rd period - Shot Misses the Net.
15:58 of 3rd period - Wrist shot by Victor Olofsson.
15:58 of 3rd period - Shot Blocked by Adam Henrique.
16:00 of 3rd period - Slapshot by Marc-Edouard Vlasic.
16:00 of 3rd period - Shot Blocked by Adam Henrique.
16:02 of 3rd period - Slapshot by Marc-Edouard Vlasic.
16:02 of 3rd period - Deflect By Zach Parise.
16:02 of 3rd period - Stopped by Martin Jones with a rebound.
16:20 of 3rd period - Snap shot by Ryan Strome.
16:20 of 3rd period - Stopped by Alexandar Georgiev with a rebound.
16:42 of 3rd period - Snap shot by Sean Monahan.
16:42 of 3rd period - Shot Blocked by Derek Forbort.
16:44 of 3rd period - Slapshot by Vince Dunn.
16:44 of 3rd period - Deflect By Anthony Deangelo.
16:44 of 3rd period - Stopped by Martin Jones without a rebound.
16:45 of 3rd period - Jordan Staal wins face-off versus Mike Hoffman in San Jose Sharks zone.
16:47 of 3rd period - 10 Minutes Misconduct Penalty to Connor Murphy is over.
17:10 of 3rd period - Nicholas Paul is hit by Joe Pavelski and loses puck.
17:40 of 3rd period - Snap shot by Alex Iafallo.
17:40 of 3rd period - Stopped by Alexandar Georgiev without a rebound.
17:41 of 3rd period - Jordan Staal wins face-off versus Mike Hoffman in Vegas Golden Knights zone.
18:37 of 3rd period - San Jose Sharks, Martin Jones is pulled from the net.
19:16 of 3rd period - Off-side.
19:17 of 3rd period - Paul Maurice call a timeout for San Jose Sharks.
19:17 of 3rd period - Anthony Cirelli wins face-off versus Adam Henrique in neutral zone.
19:22 of 3rd period - Snap shot by Zach Parise.
19:22 of 3rd period - Goal by Zach Parise - San Jose Sharks : 6 - Vegas Golden Knights : 8.
19:22 of 3rd period - Martin Jones from San Jose Sharks was sent back in the game.
19:23 of 3rd period - Nicholas Paul wins face-off versus Jordan Staal in neutral zone.
19:25 of 3rd period - Off-side.
19:26 of 3rd period - Jordan Staal wins face-off versus Nicholas Paul in neutral zone.
19:31 of 3rd period - Snap shot by Reilly Smith.
19:31 of 3rd period - Shot Misses the Net.
19:54 of 3rd period - Snap shot by Rickard Rakell.
19:54 of 3rd period - Shot Misses the Net.
Goals for this period are 3 for San Jose Sharks vs 4 for Vegas Golden Knights.
Shots for this period are 8 for San Jose Sharks vs 14 for Vegas Golden Knights.
Back to the Top